 Dungeon Crawl Stone Soup version 0.16.1-5-gaa23807 (webtiles) character file.

126 wojtek the Cutter (level 5, 0/30 HPs)
             Began as a Kobold Assassin on Mar 28, 2015.
             Killed by divine providence
             ... invoked by an orc priest
              (8 damage)
             ... on level 3 of the Dungeon.
             The game lasted 00:04:03 (3311 turns).

wojtek the Cutter (Kobold Assassin)                 Turns: 3311, Time: 00:04:03

Health: 0/30       AC:  4    Str:  9    XL:     5   Next: 32%
Magic:  5/5        EV: 14    Int: 10    God:
Gold:   132        SH:  0    Dex: 18    Spells: 0 memorised, 4 levels left

rFire  . . .     SeeInvis .     a - +2 dagger
rCold  . . .     Clarity  .     c - +0 robe
rNeg   . . .     SustAb   .     (no shield)
rPois  .         Gourm    .     (no helmet)
rElec  .         Spirit   .     d - +0 cloak
rCorr  .         Warding  .     (no gloves)
rMut   .         Stasis   .     x - +0 pair of boots
MR     .....                    (no amulet)
Stlth  +++.......               (no ring)
                                i - ring of wizardry

@: not resistant to hostile enchantments, fairly stealthy
A: carnivore 3
a: no special abilities


You were on level 3 of the Dungeon.
You were completely stuffed.

You visited 1 branch of the dungeon, and saw 3 of its levels.

You collected 132 gold pieces.

Inventory:

Hand weapons
 a - a +2 dagger (weapon)
 b - a +0 blowgun
 t - a cursed +0 arbalest
Missiles
 e - 4 poisoned needles
 f - 2 curare-tipped needles
Armour
 c - a +0 robe (worn)
 d - a +0 cloak (worn)
 x - a +0 pair of boots (worn)
Jewellery
 i - a ring of wizardry (left hand)
 m - an uncursed ring of see invisible {unknown}
 o - an uncursed ring of magical power {unknown}
 r - a cursed ring of teleportation {unknown}
 s - an uncursed amulet of stasis {unknown}
 u - an uncursed ring of protection from cold {unknown}
Scrolls
 l - 6 scrolls of identify {unknown}
 q - 3 scrolls of remove curse {unknown}
 v - a scroll of immolation {unknown}
Potions
 j - a potion of heal wounds {unknown}
 k - a potion of curing {unknown}
 n - a potion of restore abilities {unknown}
 p - a potion of lignification {unknown}
 w - 2 potions of haste {unknown}
Comestibles
 g - 3 meat rations
 h - a beef jerky


   Skills:
 - Level 2.1 Fighting
 + Level 6.8 Short Blades
 - Level 2.6 Throwing
 - Level 1.2 Dodging
 - Level 5.3 Stealth


You had 4 spell levels left.
You didn't know any spells.

Dungeon Overview and Level Annotations

Branches:
Dungeon (3/15)

Altars:
Dithmenos

Annotations:
D:2 exclusion: adder, Sigmund
D:3 exclusions: hobgoblin and orc priest


Innate Abilities, Weirdness & Mutations

You are small and have problems with some larger weapons.
You are carnivorous and can eat meat at any time.


Message History

The hobgoblin barely misses you.
Found 13 gold pieces.
Things that are here:
a morningstar; an orc corpse The orc priest mumbles some strange prayers to Beogh against you.
Something smites you!
Things that are here:
a hand axe; a ring mail; 3 chunks of flesh An orc comes into view.
It is wielding a dagger.
The orc shouts!
The orc priest invokes the aid of Beogh against you.
Something smites you!
An orc comes into view. It is wielding a dagger.
The orc priest utters an invocation to Beogh.
You feel a wave of unholy energy pass over you.
The orc hits you with a dagger.
* * * LOW HITPOINT WARNING * * *
The orc priest invokes the aid of Beogh against you.
Something smites you!
You die...

#### ########... #........#
#........# ### .........#
#####.#
.........########.....###
........o..g.go.@.###...#
##..).....##..##### #.#.#
####...#...o.[..##.###'###
##........###.......#.....#
...#####....o...##..#..#..#
.### ##..#..[.# .#.###.# ##
##..#...# #).#..#
#....#...# #..)..# #
#....#...# #####'###


You could see an orc priest, an orc and 2 hobgoblins.

Vanquished Creatures
  An orc wizard (D:3)
  A gnoll (D:3)
  3 adders
  A worm (D:2)
  An ooze (D:1)
  6 orcs (D:3)
  5 giant cockroaches
  5 goblins
  6 hobgoblins
  3 jackals (D:2)
  2 kobolds (D:1)
  A ball python (D:1)
  3 bats
  A giant gecko (D:1)
  3 giant newts
  4 rats
46 creatures vanquished.

Notes
Turn   | Place    | Note
--------------------------------------------------------------
     0 | D:1      | wojtek, the Kobold Assassin, began the quest for the Orb.
     0 | D:1      | Reached XP level 1. HP: 12/12 MP: 1/1
   153 | D:1      | Reached XP level 2. HP: 17/17 MP: 2/2
   981 | D:1      | Reached XP level 3. HP: 19/21 MP: 3/3
  1235 | D:2      | Noticed Sigmund
  1346 | D:2      | Found a shadowy altar of Dithmenos.
  1698 | D:2      | Reached skill level 5 in Short Blades
  1735 | D:2      | Reached XP level 4. HP: 9/26 MP: 4/4
  2888 | D:3      | Reached skill level 6 in Short Blades
  3195 | D:3      | Reached XP level 5. HP: 24/30 MP: 5/5
  3311 | D:3      | Killed from afar by an orc priest

Action                   |  1- 3 |  4- 6 || total
-------------------------+-------+-------++-------
Melee: Dagger            |   114 |    88 ||   202
 Fire: Blowgun           |       |     7 ||     7
 Stab: Sleeping          |     5 |     3 ||     8
       Distracted        |     1 |       ||     1
  Eat: Chunk             |    11 |     5 ||    16
